 Dungeon Crawl Stone Soup version 0.24-a0-177-g4d90231847 (webtiles) character file.

Game seed: 5052524928630614

1629 EnegeticOcto the Insei (level 8, -3/43 HPs)
             Began as a Vine Stalker Wanderer on Mar 13, 2019.
             Was a Follower of Cheibriados.
             Slain by an ogre
             ... wielding a +0 giant spiked club
              (17 damage)
             ... on level 6 of the Dungeon.
             The game lasted 00:10:46 (5031 turns).

EnegeticOcto the Insei (Vine Stalker Wanderer)      Turns: 5031, Time: 00:10:47

Health: -3/43      AC: 11    Str: 15    XL:     8   Next: 97%
Magic:  0/12       EV:  5    Int: 15    God:    Cheibriados [*.....]
Gold:   278        SH:  6    Dex: 19    Spells: 10/11 levels left

rFire    . . .     SeeInvis .   k - +2 dagger (venom)
rCold    . . .     Gourm    .   g - +0 buckler (curse)
rNeg     . . .     Faith    .   u - +0 plate armour
rPois    .         Spirit   +   q - +0 helmet
rElec    .         Reflect  .   (no cloak)
rCorr    .         Harm     .   (no gloves)
MR       ++...                  (no boots)
Stlth    ..........             (no amulet)
HPRegen  0.54/turn              l - ring of protection from magic
MPRegen  0.13/turn              (no ring)

@: very slow
A: fangs 3, regeneration 1, magic shield, antimagic bite, no potion heal 3, rot
immunity
a: Bend Time, Renounce Religion


You were on level 6 of the Dungeon.
You worshipped Cheibriados.
Cheibriados was aware of your devotion.
You were not hungry.

You visited 1 branch of the dungeon, and saw 6 of its levels.

You collected 278 gold pieces.

Inventory:

Hand Weapons
 k - a +2 dagger of venom (weapon)
Missiles
 j - 82 stones (quivered)
 o - 9 tomahawks
 r - 2 throwing nets {!f}
Armour
 d - a +0 shield
 g - a cursed +0 buckler (worn)
 q - a +0 helmet (worn)
 t - a +0 robe of fire resistance
 u - a +0 plate armour (worn)
 v - a +1 robe of positive energy
Jewellery
 l - a ring of protection from magic (left hand)
Wands
 b - a wand of clouds (2)
 p - a wand of iceblast (14)
 s - a wand of acid (8)
Scrolls
 a - a scroll of identify {@r1}
 h - 5 scrolls of remove curse {@r2}
 w - a scroll of enchant weapon
Potions
 c - 2 potions of curing {@q1}
 i - a potion of invisibility
 n - a potion of brilliance
Comestibles
 e - 12 rations
 f - 5 chunks of flesh


   Skills:
 + Level 5.3 Fighting
 - Level 1.7 Short Blades
 - Level 1.0 Throwing
 + Level 2.2 Dodging
 - Level 5.1 Stealth
 - Level 4.0 Shields
 + Level 5.9 Unarmed Combat
 - Level 2.1 Spellcasting
 - Level 3.0 Earth Magic
 - Level 1.0 Evocations


You had 10 spell levels left.
You knew the following spells:

 Your Spells              Type           Power        Failure   Level  Hunger
a - Sandblast             Erth           ##....       100%        1    #......

Your spell library contained the following spells:

 Spells                   Type           Power        Failure   Level  Hunger
 Animate Skeleton         Necr           N/A          100%        1    #......
 Pain                     Necr           #...         100%        1    #......
 Regeneration             Chrm/Necr      #.........   100%        3    ###....
 Stone Arrow              Conj/Erth      #.....       100%        3    ###....
 Vampiric Draining        Necr           #.........   100%        3    ###....
 Animate Dead             Necr           N/A          100%        4    #####..


Dungeon Overview and Level Annotations

Branches:
Dungeon (6/15)             Temple (0/1) D:6

Altars:
Cheibriados
Dithmenos
Fedhas
Makhleb
Sif Muna
Vehumet
Xom
Zin

Annotations:
D:6 Eustachio


Innate Abilities, Weirdness & Mutations

You have razor-sharp teeth.
Your natural rate of healing is unusually fast.
When hurt, damage is shared between your health and your magic reserves.
Your bite disrupts and absorbs the magic of your enemies.
Potions cannot restore your health.
You are immune to rotting.


Message History

Eustachio mumbles some strange words.
Eustachio blinks!
The centaur hits you but does no damage.
The quokka bites you but does no damage.
You block the quokka's attack.
The ogre hits you with a +0 giant spiked club!!
Okay, then.
You hit the ogre.
The ogre is poisoned.
The ogre is moderately wounded.
The centaur barely misses you.
The river rat bites you but does no damage.
Eustachio mumbles some strange words.
Eustachio blinks!
You block the quokka's attack.
The quokka bites you but does no damage.
You hit the ogre.
The ogre looks as sick as possible!
The ogre is heavily wounded.
You block the centaur's attack.
The crimson imp blinks!
The river rat bites you.
The ogre hits you with a +0 giant spiked club!!
You die...

,,,,,,,,>,,,<,,,,,,,,,,,,,,,,,,,,
***********#,*****,8,∩,8,********
#.*#####*#.#*** #.##...# #8#
***##....5.# #.#
*,,...#....###.######
**,,,,#...r..@.......#
****,,**##.#Orr5........##
**,,,,***#..Fc@r....(.....# ###
*,,*,,,*#....##§%(((......# #..
***,***,,...#.,*###########.# #..
,,,,***,>.,#.,,* #.# #..
,,,,**,,,,*#,,,* #.# #..
,,,,,**,,,**,,** #.# #..
,,,,,,**,,***,* #.# #..
,,,,,,,,*,***,**** #.# #..
,,,,,,,,,,,*,,,,,* #.# #..


You could see Eustachio, an ogre, a bullfrog, a centaur, a crimson imp, 2 river
rats, an ufetubus and 2 quokkas.

Vanquished Creatures
  Prince Ribbit (D:5)
  Duvessa (D:4)
  An orc warrior (D:5)
  2 ice beasts (D:5)
  An ogre (D:4)
  A bullfrog (D:6)
  Dowan (D:4)
  A water moccasin skeleton (D:5)
  A scorpion (D:5)
  A howler monkey (D:6)
  2 crimson imps
  A bullfrog skeleton (D:6)
  A jelly (D:4)
  3 orc priests
  2 hounds (D:5)
  7 orc wizards
  Ijyb (D:5)
  A worker ant (D:5)
  A worker ant zombie (D:5)
  A gnoll (D:1)
  7 adders
  2 oozes
  2 worms
  3 dart slugs
  3 leopard geckos
  6 orcs
  A ball python (D:4)
  6 giant cockroaches
  6 goblins
  4 hobgoblins
  18 jackals
  A quokka (D:5)
  6 bats
  4 frilled lizards
  8 kobolds
  A quokka skeleton (D:4)
  A quokka zombie (D:5)
  5 rats
115 creatures vanquished.

Notes
Turn   | Place    | Note
-------+----------+-------------------------------------------
     0 | D:1      | EnegeticOcto the Vine Stalker Wanderer began the quest for
                  | the Orb.
     0 | D:1      | EnegeticOcto set off with the following items: a +2 short
                  | sword, a potion of lignification {@q6}, a +0 robe, a
                  | ration; and the following spell memorised: Sandblast; and
                  | the following spells available to memorise: Stone Arrow
     0 | D:1      | Reached XP level 1. HP: 9/9 MP: 4/4
   116 | D:1      | Reached skill level 1 in Unarmed Combat
   116 | D:1      | Reached XP level 2. HP: 5/14 MP: 3/6
   122 | D:1      | Reached skill level 1 in Fighting
   657 | D:1      | Reached XP level 3. HP: 18/18 MP: 4/7
  1436 | D:2      | Found a shimmering altar of Xom.
  1718 | D:2      | Gained mutation: Your natural rate of healing is unusually
                  | fast. [Vine Stalker growth]
  1718 | D:2      | Reached XP level 4. HP: 17/22 MP: 8/8
  2026 | D:3      | Reached skill level 1 in Shields
  2288 | D:3      | Found a faded altar of an unknown god.
  2302 | D:3      | Reached XP level 5. HP: 25/26 MP: 7/9
  2330 | D:3      | Found a deep blue altar of Sif Muna.
  2487 | D:3      | Found a shadowy altar of Dithmenos.
  2590 | D:3      | Found a radiant altar of Vehumet.
  2782 | D:4      | Reached XP level 6. HP: 7/32 MP: 5/10
  3315 | D:4      | Found a snail-covered altar of Cheibriados.
  3319 | D:4      | Became a worshipper of Cheibriados the Contemplative
  3502 | D:5      | Entered Level 5 of the Dungeon
  3502 | D:5      | Noticed Ijyb
  3504 | D:5      | Killed Ijyb
  3504 | D:5      | Reached XP level 7. HP: 36/36 MP: 11/11
  3518 | D:5      | Noticed Duvessa
  3519 | D:5      | Reached skill level 5 in Stealth
  3545 | D:5      | Noticed Dowan
  3588 | D:4      | HP: 1/36 [Duvessa/+0 short sword (3)]
  3593 | D:4      | Killed Duvessa
  3596 | D:4      | Killed Dowan
  3596 | D:4      | Gained mutation: You have razor-sharp teeth. [Vine Stalker
                  | growth]
  3596 | D:4      | Reached XP level 8. HP: 3/42 MP: 0/12
  3912 | D:5      | Found a blossoming altar of Fedhas.
  4097 | D:5      | Found a burning altar of Makhleb.
  4102 | D:5      | Found a glowing silver altar of Zin.
  4102 | D:5      | Noticed an angel
  4103 | D:5      | Noticed a balrug
  4122 | D:5      | Reached skill level 5 in Unarmed Combat
  4332 | D:5      | Noticed Prince Ribbit
  4344 | D:5      | Killed Prince Ribbit
  4344 | D:5      | Reached skill level 1 in Dodging
  4489 | D:5      | Reached * piety under Cheibriados
  4489 | D:5      | Reached skill level 5 in Fighting
  5024 | D:6      | Noticed Eustachio
  5031 | D:6      | Slain by an ogre

Levels and vault maps discovered:
D:1:      lightli_arrival_statuegarden, layout_loops_ring
D:2:      layout_basic, nicolae_overflow_crystal_walls
D:3:      layout_basic, vehumet_crystals, lemuel_crystal_altar,
          chequers_ecumenical_altar_twisty, led_sif_book
D:4:      layout_loops_ring, cheibriados_altar_1, first_ration
D:5:      layout_layer_cave, grunt_temple_overflow_order_and_chaos_2,
          fedhas_altar_2, uniq_duvessa, uniq_ijyb, uniq_prince_ribbit1
D:6:      layout_basic, minmay_temple_entry_wispy, serial_shops,
          nicolae_shop_statue_plus, shop, uniq_edmund, uniq_eustachio

Skill      XL: |  1  2  3  4  5  6  7  8 |
---------------+-------------------------+-----
Stealth        | 2 3 4 5 |  5.1
Unarmed Combat | 1 2 3 4 5 |  5.9
Fighting       | 1 2 3 4 5 |  5.3
Shields        | 1 2 3 4 |  4.0
Dodging        | 2 |  2.2
Short Blades   | |  1.7
Throwing       | |  1.0
Spellcasting   | |  2.1
Earth Magic    | |  3.0
Evocations     | |  1.0

Action                   |  1- 3 |  4- 6 |  7- 9 || total
-------------------------+-------+-------+-------++-------
Melee: Short sword       |    27 |       |       ||    27
       Bite              |    28 |    27 |    49 ||   104
       Dagger            |    63 |   132 |   147 ||   342
       Unarmed           |       |       |    13 ||    13
 Cast: Sandblast         |     3 |    12 |     6 ||    21
Invok: Bend Time         |       |       |     2 ||     2
Evoke: Wand              |       |       |     3 ||     3
  Use: Scroll            |     2 |     5 |     2 ||     9
       Potion            |       |     1 |     6 ||     7
 Stab: Sleeping          |     5 |    11 |       ||    16
  Eat: Chunk             |     3 |     5 |     6 ||    14
Armor: Robe              |    15 |    15 |     7 ||    37
       Skin              |       |    11 |       ||    11
       Plate armour      |       |       |    70 ||    70
Dodge: Dodged            |    46 |    39 |    39 ||   124
Block: Buckler           |     2 |    12 |    36 ||    50

Table legend:
 A = Non-vault XP
 B = Vault XP
 C = Vault XP percentage of total XP
 D = Non-vault monster count
 E = Vault monster count
 F = Vault count percentage of total count
                 A         B        C        D         E       F
            +---------+---------+-------+---------+---------+-------
      Total |    1773 |     555 |  23.8 |     111 |       4 |   3.5
            +---------+---------+-------+---------+---------+-------
        D:1 |      48 |       0 |   0.0 |      21 |       0 |   0.0
        D:2 |      51 |       0 |   0.0 |      23 |       0 |   0.0
        D:3 |     138 |       0 |   0.0 |      17 |       0 |   0.0
        D:4 |     542 |     251 |  31.7 |      25 |       2 |   7.4
        D:5 |     787 |     304 |  27.9 |      17 |       2 |  10.5
        D:6 |     207 |       0 |   0.0 |       8 |       0 |   0.0
            +---------+---------+-------+---------+---------+-------
